 Dungeon Crawl Stone Soup version 0.23.2-1-ga50397a6bc (webtiles) character file.

Game seed: 17476647579192555922

116 Mrkan the Chopper (level 5, -4/47 HPs)
             Began as a Hill Orc Monk on May 17, 2019.
             Was a Believer of Beogh.
             Killed from afar by an orc wizard (6 damage)
             ... with a puff of flame
             ... on level 3 of the Dungeon.
             The game lasted 00:07:13 (2239 turns).

Mrkan the Chopper (Hill Orc Monk)                   Turns: 2239, Time: 00:07:14

Health: -4/47      AC:  3    Str: 15    XL:     5   Next: 1%
Magic:  5/5        EV: 12    Int: 10    God:    Beogh [**....]
Gold:   152        SH:  0    Dex: 13    Spells: 4/4 levels left

rFire    . . .     SeeInvis .   a - +0 hand axe
rCold    . . .     Gourm    .   (no shield)
rNeg     . . .     Faith    .   m - +0 leather armour
rPois    .         Spirit   .   (no helmet)
rElec    .         Reflect  .   (no cloak)
rCorr    .         Harm     .   (no gloves)
MR       .....                  (no boots)
Stlth    +.........             (no amulet)
HPRegen  0.15/turn              (no ring)
MPRegen  0.09/turn              (no ring)

@: confused
A: no striking features
a: Smiting, Renounce Religion


You were on level 3 of the Dungeon.
You worshipped Beogh.
Beogh was pleased with you.
You were near starving.

You visited 1 branch of the dungeon, and saw 3 of its levels.

You collected 152 gold pieces.

Inventory:

Hand Weapons
 a - a +0 hand axe (weapon)
Armour
 b - a +0 robe
 m - a +0 leather armour (worn)
Scrolls
 f - a scroll of enchant armour {unknown}
 g - 2 scrolls of teleportation {unknown}
 i - 2 scrolls of enchant weapon {unknown}
 l - a scroll of noise {unknown}
Potions
 d - a potion of berserk rage {unknown}
 e - a potion of brilliance {unknown}
 h - a potion of lignification {unknown}
 j - a potion of mutation {unknown}
 k - a potion of flight {unknown}
Comestibles
 c - a ration


   Skills:
 + Level 4.5 Fighting
 * Level 5.9 Axes
 + Level 2.1 Armour
 - Level 2.4 Dodging
 - Level 1.5 Stealth


You had 4 spell levels left.
You didn't know any spells.
Your spell library was empty.

Dungeon Overview and Level Annotations

Branches:
Dungeon (3/15)

Altars:
Fedhas
Nemelex Xobeh
Uskayaw
Wu Jian
The Shining One


Message History

Beogh smites you!
* * * LOW HITPOINT WARNING * * *
You bump into the rock wall.
Something hits you.
* * * LOW HITPOINT WARNING * * *
The orc priest casts a cantrip, but nothing happens.
You bump into the rock wall.
You hear some strange, mumbled words.
A puff of flame appears from out of thin air!
The puff of flame hits you!
* * * LOW HITPOINT WARNING * * *
You bump into the rock wall.
Something hits you but does no damage.
Okay, then.
The orc priest miscasts a cantrip.
You bump into the rock wall.
You are near starving!
You hear some strange, mumbled words.
A puff of flame appears from out of thin air!
The puff of flame hits you.
You die...
Beogh appreciates something's killing of a heretic priest.

#####+# .......
....... ....... ###
....... ... .......
#.# ####### #.#o..#
#.... #@#o..#####
#.### #{#...#....
#.# # #.#...#....
#.### #
#o#..o#....###...#
#.#o#...#.......#...
#.#.#...#....<#.#..#
#...o...#.....#<....
###.#.#####.#.#.####
#.#.......#+#.#...


You could see an orc priest and 2 orcs.

Vanquished Creatures
  5 adders (D:2)
  An ooze (D:2)
  4 worms
  A dart slug (D:1)
  2 leopard geckos
  An orc (D:3)
  10 bats
  5 goblins
  9 hobgoblins
  A quokka (D:2)
  10 kobolds
  5 rats
54 creatures vanquished.

Vanquished Creatures (others)
  2 orcs (D:3)
  A bat (D:3)
3 creatures vanquished.

Grand Total: 57 creatures vanquished

Notes
Turn   | Place    | Note
-------+----------+-------------------------------------------
     0 | D:1      | Mrkan the Hill Orc Monk began the quest for the Orb.
     0 | D:1      | Reached XP level 1. HP: 19/19 MP: 1/1
   126 | D:1      | Reached XP level 2. HP: 19/27 MP: 2/2
   264 | D:1      | Reached skill level 1 in Armour
   631 | D:2      | Reached XP level 3. HP: 28/33 MP: 3/3
   652 | D:2      | Reached skill level 5 in Axes
  1061 | D:2      | Reached XP level 4. HP: 15/40 MP: 4/4
  1341 | D:2      | Found a hide-covered altar of Uskayaw.
  1344 | D:2      | Found a blossoming altar of Fedhas.
  1347 | D:2      | Found an ornate altar of the Wu Jian Council.
  1464 | D:2      | Found a glowing golden altar of the Shining One.
  1585 | D:2      | Found a sparkling altar of Nemelex Xobeh.
  1699 | D:3      | Became a worshipper of Beogh the Brigand
  1699 | D:3      | Reached * piety under Beogh
  1699 | D:3      | Reached ** piety under Beogh
  1748 | D:3      | HP: 1/41 [worm (10)]
  2017 | D:3      | Reached XP level 5. HP: 15/47 MP: 5/5
  2234 | D:3      | HP: 1/47 [something/puff of flame (7)]
  2239 | D:3      | Killed from afar by an orc wizard

Skill      XL: |  1  2  3  4 |
---------------+-------------+-----
Armour         | 1 2 |  2.1
Fighting       | 4 |  4.5
Axes           | 5 |  5.9
Dodging        | |  2.4
Stealth        | |  1.5

Action                   |  1- 3 |  4- 6 || total
-------------------------+-------+-------++-------
Melee: Hand axe          |   123 |   116 ||   239
Invok: Convert to Beogh  |       |     1 ||     1
 Stab: Sleeping          |     4 |     1 ||     5
  Eat: Chunk             |       |     3 ||     3
Armor: Robe              |    16 |    20 ||    36
       Leather armour    |       |     3 ||     3
Dodge: Dodged            |    92 |    93 ||   185
